 Dungeon Crawl Stone Soup version 0.30-a0-422-g946f4849ff (webtiles) character file.

Game seed: 4561442619487059572

532 cforsyth the Chopper (level 7, -1/64 HPs)
             Began as a Hill Orc Monk on Dec 8, 2022.
             Succumbed to a kobold brigand's curare-tipped dart
             ... on level 4 of the Dungeon.
             The game lasted 00:07:06 (2869 turns).

cforsyth the Chopper (Hill Orc Monk)                Turns: 2869, Time: 00:07:07

Health: -1/64      AC: 12    Str: 16    XL:     7   Next: 24%
Magic:  7/7        EV:  5    Int: 10    God:
Gold:   140        SH:  0    Dex: 13    Spells: 6/6 levels left

rFire   . . .      SeeInvis .    a - +0 hand axe
rCold   + . .      Faith    .    (no shield)
rNeg    . . .      Spirit   .    n - +0 plate armour
rPois   .          Reflect  .    j - +0 helmet
rElec   .          Harm     .    (no cloak)
rCorr   .          Rampage  .    (no gloves)
Will    .....                    (no boots)
Stlth   ..........               (no amulet)
HPRegen 0.30/turn                l - ring of protection from cold
MPRegen 0.10/turn                (no ring)

@: lethally poisoned (-1 -> -26), slowed, very slow
A: no striking features
a: no special abilities


You were on level 4 of the Dungeon.
You visited 1 branch of the dungeon, and saw 4 of its levels.

You collected 140 gold pieces.

Inventory:

Hand Weapons
 a - a +0 hand axe (weapon)
Armour
 j - a +0 helmet (worn)
 n - a +0 plate armour (worn)
Jewellery
 k - a ring of fire
 l - a ring of protection from cold (left hand)
 p - a +4 ring of evasion
 w - a ring of protection from cold
Scrolls
 b - a scroll of identify {unknown}
 e - a scroll of torment {unknown}
 h - 2 scrolls of silence {unknown}
 i - 2 scrolls of noise {unknown}
 m - a scroll of enchant weapon {unknown}
 o - a scroll of vulnerability {unknown}
 r - 2 scrolls of summoning {unknown}
 t - a scroll of poison {unknown}
 u - a scroll of blinking {unknown}
Potions
 c - a potion of ambrosia
 d - a potion of might {unknown}
 f - 2 potions of mutation {unknown}
 g - 2 potions of magic {unknown}
 q - a potion of lignification {unknown}
 s - a potion of heal wounds {unknown}
 v - a potion of curing {unknown}


   Skills:
 + Level 6.5 Fighting
 + Level 7.2 Axes
 + Level 3.7 Armour
 - Level 2.4 Dodging
 - Level 1.5 Stealth


You had 6 spell levels left.
You didn't know any spells.
Your spell library was empty.

Dungeon Overview and Level Annotations

Branches:
Dungeon (4/15)
 Temple: D:4-7

Altars:
Zin

Annotations:
D:3 3 runed translucent doors, AigisTheKnight's ghost, weakling GrEE


Message History

You hit the kobold brigand but do no damage.
The kobold brigand is moderately wounded.
You hit the kobold. You closely miss the kobold.
You feel sick.
The kobold hits you but does no damage. x2
The kobold brigand hits you but does no damage.
The kobold hits the plant with a +0 dagger.
The plant begins to die.
The kobold attacks as you move away! The kobold hits you but does no damage.
The kobold attacks as you move away! The kobold barely misses you.
The kobold brigand attacks as you move away!
The kobold brigand hits you with a +0 club.
You feel sick.
The kobold throws a stone.
The stone hits you.
Unknown command.
The kobold brigand attacks as you move away!
The kobold brigand hits you but does no damage.
You feel sick.
Things that are here:
a +2 dagger of speed; 3 stones Unknown command.
The kobold brigand attacks as you move away!
The kobold brigand hits you but does no damage.
You feel sick.
A nearby plant withers and dies.
The kobold brigand throws a curare-tipped dart.
The curare-tipped dart hits you.
You are more poisoned.
You have difficulty breathing.
* * * LOW HITPOINT WARNING * * *
You feel yourself slow down.
Unknown command.
* * * LOW HITPOINT WARNING * * *
You feel very sick.
The kobold brigand throws a curare-tipped dart.
The curare-tipped dart hits you.
You are lethally poisoned!
You have difficulty breathing.
* * * LOW HITPOINT WARNING * * *
You feel as though you will be slow longer.
Things that are here:
a +0 short sword; 2 stones; a kobold corpse You die...

...
#################.
....##
♣##........)).).....
.....#
#....##############.
†. ..♣.###♣P..# ##
...♣♣K♣.# ###.# #
♣...).♣####.# #
#..)...##)# #
##)K.K.##)# #
##.♣K.♣@.# ###♣K)..#
##P..# ###.# ..# #+#


You could see a kobold.

Vanquished Creatures
  Sigmund (D:3)
  2 phantoms (D:4)
  A hound (D:4)
  Jessica (D:2)
  An iguana (D:4)
  3 gnolls (D:4)
  2 adders
  A worm (D:4)
  5 dart slugs
  An orc (D:3)
  6 endoplasms
  2 giant cockroaches
  6 goblins
  5 hobgoblins
  6 jackals
  4 quokkas
  7 ball pythons
  2 bats
  5 frilled lizards
  17 kobolds
  6 rats
84 creatures vanquished.

Vanquished Creatures (others)
  25 plants (D:4)
25 creatures vanquished.

Grand Total: 109 creatures vanquished

Notes
Turn   | Place    | Note
-------+----------+-------------------------------------------
     0 | D:1      | cforsyth the Hill Orc Monk began the quest for the Orb.
     0 | D:1      | Reached XP level 1. HP: 19/19 MP: 1/1
   167 | D:1      | Reached XP level 2. HP: 27/27 MP: 2/2
   724 | D:1      | Reached XP level 3. HP: 29/34 MP: 3/3
   945 | D:2      | Noticed Jessica
   957 | D:2      | Killed Jessica
   958 | D:2      | Reached skill level 5 in Axes
   958 | D:2      | Reached XP level 4. HP: 35/41 MP: 4/4
  1444 | D:3      | Found a runed translucent gate.
  1445 | D:3      | Found a runed translucent gate.
  1445 | D:3      | Found a runed translucent gate.
  1447 | D:3      | Noticed AigisTheKnight's ghost (weakling GrEE)
  1508 | D:3      | Reached skill level 5 in Fighting
  1771 | D:3      | Reached skill level 1 in Armour
  2007 | D:3      | Noticed Sigmund
  2029 | D:3      | Killed Sigmund
  2030 | D:3      | Reached skill level 6 in Axes
  2030 | D:3      | Reached XP level 5. HP: 27/50 MP: 5/5
  2030 | D:3      | Reached XP level 6. HP: 31/57 MP: 6/6
  2452 | D:4      | Reached skill level 7 in Axes
  2452 | D:4      | Reached XP level 7. HP: 59/64 MP: 7/7
  2682 | D:4      | Found a glowing silver altar of Zin.
  2688 | D:4      | Noticed an angel
  2869 | D:4      | Succumbed to a kobold brigand's curare-tipped dart

Illustrated notes

Levels and vault maps discovered:
D:1:      spicycebolla_arrival_ecumenical, layout_loops_ring,
          minmay_misc_feat_alley, minmay_stone_trees_large, minmay_tetromino_o2
D:2:      layout_rooms, serial_bayou_pond_e, uniq_jessica
D:3:      layout_basic, ebering_ghost_rock_garden, minivault_4, uniq_sigmund
D:4:      kennysheep_kobold_camp, layout_gridville,
          grunt_temple_overflow_order_and_chaos_1, serial_glass,
          glass_columns_b, glass_columns_a, glass_columns_b, glass_columns_a,
          glass_columns_b, glass_columns_b, glass_columns_a, glass_columns_b,
          glass_columns_b, glass_columns_a, glass_columns_b, glass_columns_a,
          glass_columns_a, glass_columns_b, kennysheep_minor_cross

Skill      XL: |  1  2  3  4  5  6 |
---------------+-------------------+-----
Fighting       | 4 5 6 |  6.5
Axes           | 5 6 7 |  7.2
Armour         | 2 3 |  3.7
Dodging        | |  2.4
Stealth        | |  1.5

Action                   |  1- 3 |  4- 6 |  7- 9 || total
-------------------------+-------+-------+-------++-------
Melee: Hand axe          |    99 |   152 |    76 ||   327
       Punch             |     2 |     3 |       ||     5
 Stab: Sleeping          |     6 |     2 |       ||     8
Armor: Robe              |    10 |     3 |       ||    13
       Plate armour      |       |    86 |    41 ||   127
Dodge: Dodged            |    60 |    39 |    18 ||   117

Table legend: (Time is in decaauts)
 A = Elapsed time spent in this place.
 B = Non-inter-level travel time spent in this place.
 C = Inter-level travel time spent in this place.
 D = Time resting spent in this place.
 E = Time spent auto-exploring this place.
 F = Levels seen in this place.
 G = Mean time per level.
                   A        B        C        D        E       F      G
               +--------+--------+--------+--------+--------+-----+--------+
         Total |   2873 |   2770 |    103 |      0 |   2099 |   4 |  718.2 |
       Dungeon |   2873 |   2770 |    103 |      0 |   2099 |   4 |  718.2 |
               +--------+--------+--------+--------+--------+-----+--------+

Top non-repeatable levels by time:
     D:1: 886 daAuts
     D:3: 855 daAuts
     D:4: 622 daAuts
     D:2: 509 daAuts
